Map: Lightshade LE

Players

Seither - Winner!

  • Race: Terran Terran
  • League: Grandmaster

TeebuL

  • Race: Protoss Protoss
  • League: Gold

Event: DreamHack SC2 Masters 2021 Summer

VOD

Have the link to the VOD?

Description

Time

  • Played on: May 23, 2021, 5:15 a.m.
  • Length: 9:24

All games in this series

Show
View Real Time Build Order
Export as new Build Order

Seither Terran - Winner!

Build Orders:  

Get SALT Encoding   

  12  0:00  SCV  
  13  0:12  SCV  
  14  0:18  Supply Depot  
  14  0:24  SCV  
  15  0:40  SCV  
  16  0:43  Barracks  
  16  0:46  Refinery  
  16  0:52  SCV  
  17  0:59  Refinery  
  17  1:04  SCV  
  18  1:16  SCV  
  19  1:30  Reaper  
  19  1:31  Orbital Command  
  20  1:38  Supply Depot  
  20  1:47  Bunker  
  20  1:50  Factory  
  20  1:57  SCV  
  21  2:09  SCV  
  22  2:17  Barracks Tech Lab  
  22  2:21  SCV  
  23  2:33  SCV, Supply Depot  
  23  2:36  Marauder, Concussive Shells  
  26  2:38  Hellion  
  26  2:43  Starport  
  28  2:45  SCV  
  29  2:59  Marauder  
  31  3:08  Factory Tech Lab  
  31  3:09  SCV  
  32  3:21  Starport Tech Lab, Marauder  
  34  3:29  Cyclone  
  34  3:31  SCV  
  34  3:32  Supply Depot  
  38  3:47  Supply Depot  
  38  3:54  Banshee  
  37  4:04  Cloaking Field  
  37  4:09  Command Center  
  35  4:13  SCV  
  34  4:29  Siege Tank  
  37  4:35  Barracks  
  37  4:36  Barracks  
  37  4:37  Banshee, Supply Depot  
  40  4:39  SCV  
  41  4:51  SCV  
  41  5:07  Siege Tank  
  41  5:11  Engineering Bay  
  41  5:12  Supply Depot  
  41  5:22  Orbital Command  
  41  5:24  Barracks Reactor, Barracks Tech Lab, SCV  
  42  5:37  SCV  
  42  5:41  Orbital Command  
  43  5:45  Marauder, Stimpack  
  45  5:52  SCV, Supply Depot  
  46  5:59  Missile Turret  
  46  6:04  SCV  
  47  6:15  Marauder x2, Marine x2  
  53  6:19  SCV x2  
  53  6:25  Starport Reactor, Terran Infantry Weapons Level 1, Combat Shield  
  55  6:35  Marine x2  
  55  6:36  SCV x2  
  59  6:40  Refinery  
  59  6:42  Supply Depot  
  59  6:52  Marauder x2  
  59  6:53  SCV  
  59  6:54  SCV  
  65  6:56  Refinery  
  65  6:58  Supply Depot  
  65  7:01  Marine x2  
  67  7:09  Medivac  
  67  7:11  SCV x2  
  67  7:12  Medivac  
  73  7:19  Marine x2  
  73  7:21  Supply Depot  
  75  7:24  Marauder x2  
  75  7:26  SCV  
  75  7:27  SCV  
  81  7:32  Siege Tank  
  84  7:38  SCV  
  84  7:39  SCV  
  86  7:48  Marauder x2, Marine  
  91  7:56  Medivac x2  
  95  7:59  SCV x2  
  95  8:02  Supply Depot  
  97  8:11  Marine x2  
  97  8:12  Marauder x2  
  103  8:14  Siege Tank  
  106  8:25  SCV x2, Supply Depot  
  108  8:27  Supply Depot  
  98  8:41  Marine x2  
  98  8:42  Marauder x2  
  88  8:59  Marine x2  
  88  9:00  Barracks  
  90  9:02  Command Center  
  90  9:03  Marauder  
  90  9:04  Barracks  
  90  9:05  SCV x2  
Show
View Real Time Build Order
Export as new Build Order

TeebuL Protoss 

Build Orders: 1 Gate Expand 

Get SALT Encoding   

  12  0:01  Probe  
  13  0:13  Probe  
  14  0:18  Pylon  
  14  0:25  Probe  
  15  0:37  Gateway  
  15  0:38  Probe  
  16  0:50  Probe  
  18  1:09  Nexus  
  17  1:13  Assimilator  
  17  1:16  Probe  
  18  1:24  Cybernetics Core  
  18  1:28  Probe  
  19  1:34  Pylon  
  19  1:40  Probe  
  20  1:52  Gateway, Warp Gate (Chrono Boost)  
  20  1:53  Probe  
  21  2:03  Adept (Chrono Boost)  
  21  2:05  Probe  
  23  2:17  Probe  
  24  2:26  Probe  
  24  2:29  Probe  
  25  2:35  Stalker  
  27  2:38  Probe  
  27  2:43  Gateway  
  28  2:45  Adept  
  28  2:48  Probe  
  31  2:55  Pylon  
  31  2:59  Probe  
  32  3:07  Probe  
  32  3:11  Probe  
  33  3:21  Shield Battery  
  33  3:23  Stalker  
  33  3:25  Probe  
  36  3:28  Assimilator  
  36  3:35  Probe  
  37  3:43  Stalker x2  
  37  3:45  Probe  
  42  3:51  Zealot  
  42  3:52  Probe  
  41  3:57  Probe  
  41  4:10  Stalker  
  41  4:16  Probe x2 (Chrono Boost)  
  42  4:27  Probe (Chrono Boost)  
  42  4:30  Robotics Facility  
  44  4:31  Probe (Chrono Boost)  
  44  4:33  Probe (Chrono Boost)  
  45  4:39  Shield Battery  
  45  4:45  Stalker  
  47  4:50  Probe  
  48  4:53  Probe (Chrono Boost)  
  48  5:02  Probe (Chrono Boost)  
  48  5:05  Probe (Chrono Boost)  
  49  5:12  Probe (Chrono Boost)  
  50  5:20  Probe x2, Observer (Chrono Boost)  
  45  5:22  Stalker x3  
  53  5:29  Assimilator  
  53  5:32  Probe, Pylon  
  54  5:38  Pylon  
  54  5:50  Probe (Chrono Boost)  
  54  5:51  Assimilator  
  54  5:52  Probe (Chrono Boost)  
  56  5:59  Robotics Bay  
  56  6:02  Probe (Chrono Boost), Observer  
  57  6:07  Probe (Chrono Boost)  
  57  6:08  Probe (Chrono Boost)  
  55  6:14  Probe, Stalker x2  
  55  6:16  Probe  
  61  6:26  Probe (Chrono Boost)  
  61  6:31  Probe (Chrono Boost)  
  61  6:32  Stalker  
  65  6:38  Probe (Chrono Boost)  
  66  6:44  Probe x2 (Chrono Boost)  
  68  6:49  Pylon  
  68  6:51  Pylon  
  68  6:59  Nexus, Extended Thermal Lance (Chrono Boost)  
  68  7:04  Colossus (Chrono Boost)  
  74  7:14  Twilight Council, Pylon  
  74  7:15  Probe  
  75  7:16  Probe  
  75  7:17  Sentry  
  75  7:19  Observer  
  78  7:27  Probe  
  78  7:28  Gateway x2  
  78  7:29  Probe  
  80  7:31  Gateway  
  80  7:32  Observer  
  80  7:37  Sentry x2  
  80  7:39  Probe  
  80  7:41  Probe  
  80  7:42  Shield Battery  
  86  7:55  Colossus  
  92  7:58  Shield Battery  
  92  8:00  Zealot, Pylon  
  92  8:05  Pylon  
  94  8:06  Pylon  
  89  8:13  Stalker  
  89  8:17  Probe  
  89  8:18  Probe  
  92  8:21  Probe  
  89  8:27  Zealot x2  
  92  8:37  Zealot x2  
  56  8:49  Stalker x2  
Tags
 
Add a new tag
Caveats
  • Supply blocks, unpowered buildings, or Contaminate may cause inaccurate times.
  • Supply counts are checked every 10 seconds.